 Dungeon Crawl Stone Soup version 0.29.1-2-gbd0b4ee654 (webtiles) character file.

Game seed: 14378598913239057799

4228 safid the Skirmisher (level 10, -5/132 HPs)
             Began as a Minotaur Hunter on Nov 1, 2022.
             Slain by an orc warrior
             ... wielding a +0 war axe
              (11 damage)
             ... in a bailey.
             The game lasted 00:20:24 (9909 turns).

safid the Skirmisher (Minotaur Hunter)              Turns: 9909, Time: 00:20:25

Health: -5/132     AC: 25    Str: 16    XL:     10   Next: 9%
Magic:  9/9        EV:  2    Int:  6    God:
Gold:   281        SH:  0    Dex: 18    Spells: 9/9 levels left

rFire   . . .      SeeInvis .   a - +0 shortbow
rCold   . . .      Faith    .   (shield currently unavailable)
rNeg    + . .      Spirit   .   (body armour currently unavailable)
rPois   +          Reflect  .   (helmet currently unavailable)
rElec   .          Harm     .   (cloak currently unavailable)
rCorr   .          Rampage  .   (gloves currently unavailable)
Will    .....      NoTele   +   (boots currently unavailable)
Stlth   ++........              (no amulet)
HPRegen 0.32/turn               y - ring of positive energy
MPRegen 0.11/turn               (no ring)

@: tree-form
A: stationary, stasis, torment immunity, boosted hp, (horns 2), (retaliatory
headbutt)
a: no special abilities


You were in a bailey.
You were a tree.
You visited 2 branches of the dungeon, and saw 9 of its levels.
You also visited: Bailey.

You collected 341 gold pieces.
You spent 60 gold pieces at shops.

Inventory:

Hand Weapons
 a - a +0 shortbow (weapon)
Missiles
 t - 10 javelins
Armour
 m - a +1 scale mail of willpower (melded)
Jewellery
 y - a ring of positive energy (left branch)
Wands
 q - a wand of mindburst (17)
Scrolls
 d - a scroll of torment {unknown}
 f - a scroll of enchant armour {unknown}
 h - 2 scrolls of blinking {unknown}
 j - a scroll of butterflies {unknown}
 k - 3 scrolls of enchant weapon
 n - a scroll of identify
 p - 2 scrolls of poison {unknown}
 s - 2 scrolls of fear
 v - a scroll of amnesia {unknown}
 w - a scroll of magic mapping {unknown}
Potions
 b - a potion of invisibility {unknown}
 c - a potion of flight {unknown}
 e - 3 potions of curing
 g - 2 potions of haste {unknown}
 i - a potion of might
 l - a potion of magic {unknown}
 o - 2 potions of lignification
 u - a potion of mutation {unknown}
 x - a potion of cancellation {unknown}


   Skills:
 - Level 8.0 Fighting
 + Level 14.8 Ranged Weapons
 - Level 2.1 Dodging
 - Level 0.7 Stealth


You had 9 spell levels left.
You didn't know any spells.
Your spell library contained the following spells:

 Spells                   Type           Power      Damage    Failure   Level
 Beastly Appendage        Tmut           0%         N/A       45%         1
 Magic Dart               Conj           0%         1d3       45%         1
 Sting                    Tmut/Pois      0%         1d3       45%         1
 Searing Ray              Conj           0%         2d4       58%         2
 Portal Projectile        Hex/Tloc       0%         N/A       83%         3
 Tukima's Dance           Hex            0%         N/A       83%         3
 Fulminant Prism          Conj/Hex       0%         3d6       99%         4
 Blade Hands              Tmut           0%         N/A       100%        5
 Irradiate                Conj/Tmut      0%         3d11      100%        5


Dungeon Overview and Level Annotations

Branches:
Dungeon (8/15)             Temple (1/1) D:6          Bailey (1/1)
   Lair: D:8-11

Altars:
Ashenzari
Cheibriados
Dithmenos
Elyvilon
Fedhas
Gozag
Kikubaaqudgha
Makhleb
Qazlal
Sif Muna
Trog
Yredelemnul
Zin

Shops:
D:6 *   D:7 (

Annotations:
D:8 Maurice


Innate Abilities, Weirdness & Mutations

You are a tree.
Your roots penetrate the ground, keeping you stationary.
You cannot be teleported.
You are immune to unholy pain and torment.
Your maximum health is greatly increased.
Your equipment is partially melded.
((You have a pair of horns on your head.))
((You reflexively headbutt those who attack you in melee.))


Message History

Press: ? - help, Q - select action, (/) - cycle Shift-Dir - straight line, f/p - orc warrior
Aim: an orc warrior, wielding a +0 war axe and wearing a +0 scale mail (moderately wounded, 66% to hit)
You shoot an arrow.
The arrow hits the orc warrior but does no damage.
The orc warrior is moderately wounded.
The orc warrior hits you but does no damage.
Fire: a) +0 shortbow
Press: ? - help, Q - select action, (/) - cycle Shift-Dir - straight line, f/p - orc warrior
Aim: an orc warrior, wielding a +0 war axe and wearing a +0 scale mail (moderately wounded, 66% to hit)
You shoot an arrow.
The arrow hits the orc warrior but does no damage.
The orc warrior is moderately wounded.
The orc warrior hits you with a +0 war axe.
* * * LOW HITPOINT WARNING * * *
Fire: a) +0 shortbow
Press: ? - help, Q - select action, (/) - cycle Shift-Dir - straight line, f/p - orc warrior
Aim: an orc warrior, wielding a +0 war axe and wearing a +0 scale mail (moderately wounded, 66% to hit)
You shoot an arrow.
The arrow closely misses the orc warrior.
The orc warrior hits you but does no damage.
Fire: a) +0 shortbow
Press: ? - help, Q - select action, (/) - cycle Shift-Dir - straight line, f/p - orc warrior
Aim: an orc warrior, wielding a +0 war axe and wearing a +0 scale mail (moderately wounded, 66% to hit)
You shoot an arrow. The arrow hits the orc warrior.
The orc warrior is moderately wounded.
Fire: a) +0 shortbow
Press: ? - help, Q - select action, (/) - cycle Shift-Dir - straight line, f/p - orc warrior
Aim: an orc warrior, wielding a +0 war axe and wearing a +0 scale mail (moderately wounded, 66% to hit)
You shoot an arrow.
The arrow hits the orc warrior but does no damage.
The orc warrior is moderately wounded.
The orc warrior hits you with a +0 war axe!
* * * LOW HITPOINT WARNING * * *
Fire: a) +0 shortbow
Press: ? - help, Q - select action, (/) - cycle Shift-Dir - straight line, f/p - orc warrior
Aim: an orc warrior, wielding a +0 war axe and wearing a +0 scale mail (moderately wounded, 66% to hit)
You shoot an arrow. The arrow hits the orc warrior!
The orc warrior is severely wounded.
The orc warrior hits you with a +0 war axe!
You die...

####### ##.....##
#...∩...#
#.......#
##..♣..## ##o)'##
#(..# #.).# #.(.#
####((.####
##~.......~##
#~~...(...~~#####
..~~.......~~....#


You could see an orc warrior.

Vanquished Creatures
  A kobold demonologist (D:5)
  Prince Ribbit (D:7)
  Sigmund (D:6)
  A steam dragon (D:7)
  2 water moccasins
  Edmund (D:5)
  Duvessa (D:7)
  An ice beast (D:6)
  2 orc warriors (Bailey)
  A sky beast (D:7)
  3 centaurs
  4 ogres
  7 kobold brigands
  3 scorpions
  4 bullfrogs
  A gnoll sergeant (D:6)
  4 necrophages
  Dowan (D:7)
  3 killer bees
  A howler monkey (D:6)
  An orc priest (D:3)
  2 jellies
  4 hounds
  3 iguanas
  Terence (D:2)
  5 orc wizards
  Robin (D:2)
  8 gnolls
  3 adders
  A white imp (D:5)
  2 ufetubi
  A dart slug (D:5)
  17 orcs
  7 bats
  9 endoplasms
  3 giant cockroaches
  14 goblins
  7 hobgoblins
  4 jackals (D:4)
  2 quokkas
  9 ball pythons
  3 frilled lizards
  20 kobolds
  3 rats
173 creatures vanquished.

Vanquished Creatures (others)
  A plant (D:6)
1 creature vanquished.

Grand Total: 174 creatures vanquished

Notes
Turn   | Place    | Note
-------+----------+-------------------------------------------
     0 | D:1      | safid the Minotaur Hunter began the quest for the Orb.
     0 | D:1      | Reached XP level 1. HP: 18/18 MP: 0/0
    70 | D:1      | Reached XP level 2. HP: 25/25 MP: 1/1
   505 | D:2      | Reached skill level 5 in Ranged Weapons
   505 | D:2      | Reached XP level 3. HP: 23/31 MP: 2/2
   684 | D:2      | Noticed Robin
   698 | D:2      | Killed Robin
  1181 | D:2      | Noticed Terence
  1190 | D:2      | Killed Terence
  1191 | D:2      | Reached XP level 4. HP: 33/40 MP: 3/3
  1686 | D:3      | Reached XP level 5. HP: 37/47 MP: 4/4
  1689 | D:3      | Reached skill level 5 in Fighting
  1689 | D:3      | Reached skill level 6 in Ranged Weapons
  1853 | D:3      | Found an opulent altar of Gozag.
  2325 | D:3      | Found a faded altar of an unknown god.
  2571 | D:4      | Found a snail-covered altar of Cheibriados.
  2639 | D:4      | Found a glowing silver altar of Zin.
  3087 | D:4      | Reached XP level 6. HP: 53/57 MP: 5/5
  3676 | D:5      | Entered Level 5 of the Dungeon
  3754 | D:5      | Reached skill level 7 in Ranged Weapons
  3977 | D:5      | Reached XP level 7. HP: 57/64 MP: 6/6
  4219 | D:5      | Noticed Edmund
  4233 | D:5      | Killed Edmund
  4234 | D:5      | Reached skill level 8 in Ranged Weapons
  4697 | D:5      | Found the +7 Throatcutter {drain, coup de grace}
  4697 | D:5      | Noticed a kobold demonologist
  4703 | D:5      | Noticed a chaos spawn
  4705 | D:5      | Noticed an orange demon
  4707 | D:5      | Killed a kobold demonologist
  4708 | D:5      | Reached skill level 9 in Ranged Weapons
  4708 | D:5      | Reached XP level 8. HP: 50/74 MP: 7/7
  5145 | D:5      | Reached skill level 10 in Ranged Weapons
  5781 | D:6      | Reached skill level 11 in Ranged Weapons
  5805 | D:6      | Noticed Sigmund
  6368 | D:6      | Killed Sigmund
  6369 | D:6      | Reached XP level 9. HP: 81/81 MP: 8/8
  6494 | D:6      | Found a staircase to the Ecumenical Temple.
  6503 | Temple   | Entered the Ecumenical Temple
  6911 | D:6      | Reached skill level 12 in Ranged Weapons
  7021 | D:6      | Found Itsustruu's General Store.
  7029 | D:6      | Bought a potion of heal wounds for 50 gold pieces
  7029 | D:6      | Bought a potion of degeneration for 10 gold pieces
  7420 | D:7      | Found Goukhiva's Antique Weapon Shop.
  7493 | D:7      | Noticed Duvessa
  7494 | D:7      | Identified the +5 dagger "Woatasul" {drain, rCorr}
  7497 | D:7      | Noticed Dowan
  7728 | D:7      | Killed Duvessa
  7744 | D:7      | Reached skill level 13 in Ranged Weapons
  7748 | D:7      | Killed Dowan
  7757 | D:7      | Noticed Prince Ribbit
  7772 | D:7      | Killed Prince Ribbit
  8319 | D:7      | Reached skill level 14 in Ranged Weapons
  8564 | D:7      | Got the Octavo of Contamination and Reformation
  9010 | D:7      | Found a bloodstained altar of Trog.
  9117 | D:8      | Found a flagged portal.
  9516 | D:8      | Reached XP level 10. HP: 80/88 MP: 9/9
  9524 | D:8      | Noticed Maurice
  9536 | Bailey   | Entered a bailey
  9908 | Bailey   | HP: 6/132 [orc warrior/+0 war axe (8)]
  9909 | Bailey   | Slain by an orc warrior

Illustrated notes

Levels and vault maps discovered:
D:1:      erik_arrival_orb_chamber, layout_basic
D:2:      layout_basic, kennysheep_generic_room_12, uniq_terence, uniq_robin
D:3:      layout_basic, grunt_gozag_breadcrumbs,
          hellmonk_ecumenical_altar_slurped_away
D:4:      layout_basic, mainiacjoe_overflow_boulevard,
          mainiacjoe_overflow_cross_hatched
D:5:      layout_basic, grunt_decor_arrowhead, dilly_guarded_unrand_throatcut,
          uniq_edmund
D:6:      layout_layer_cave, minmay_temple_entry_gardened_gates, serial_shops,
          nicolae_shop_competitors_out_of_business, kennysheep_generic_room_7,
          uniq_sigmund
D:7:      layout_basic, marbit_many_paths, serial_shops,
          nicolae_inconvenience_store, uniq_duvessa, uniq_prince_ribbit1
D:8:      layout_cave_pools, lemuel_doored_altar, vehumet_crystals,
          enter_bailey_2, serial_ice, serial_ice_n, serial_ice_e, serial_ice_j,
          serial_ice_c, serial_ice_m, serial_ice_a, serial_ice_d,
          grunt_ministairs_12, minmay_liquid_box, uniq_pikel, uniq_maurice
Temple:   nicolae_temple_bog_church
Bailey:   bailey_axe_3, bailey

Skill      XL: |  1  2  3  4  5  6  7  8  9 |
---------------+----------------------------+-----
Fighting       | 3 4 5 6 8 |  8.0
Ranged Weapons | 5 6 7 9 11 14 | 14.8
Dodging        | |  2.1
Stealth        | |  0.7

Action                   |  1- 3 |  4- 6 |  7- 9 | 10-12 || total
-------------------------+-------+-------+-------+-------++-------
 Fire: Shortbow          |    90 |   151 |   361 |    59 ||   661
Throw: Dart              |       |       |     1 |     3 ||     4
Evoke: Wand              |       |       |     1 |       ||     1
  Use: Potion            |       |       |     4 |     1 ||     5
       Scroll            |       |       |     5 |       ||     5
Armor: Leather armour    |     8 |       |       |       ||     8
       Scale mail        |       |    43 |    89 |     4 ||   136
       Skin              |       |       |       |     4 ||     4
Dodge: Dodged            |    34 |    44 |   114 |    19 ||   211
